Map: Sueño eterno EE

Players

MrFercho

  • Race: Zerg Zerg
  • Spawn Location: 1:00

Veznan - Winner!

  • Race: Terran Terran
  • League: Bronze
  • Spawn Location: 7:00

VOD

Have the link to the VOD?

Description

Time

  • Played on: June 12, 2020, 7:18 p.m.
  • Length: 6:02
Show
View Real Time Build Order
Export as new Build Order

MrFercho Zerg 

Build Orders: Hatch First 

Get SALT Encoding   

  12  0:01  Drone  
  13  0:17  Overlord  
  13  0:22  Drone  
  14  0:36  Drone x2  
  16  0:54  Hatchery  
  15  1:01  Drone  
  15  1:02  Drone x2  
  18  1:17  Spawning Pool  
  17  1:20  Drone  
  18  1:27  Drone  
  19  1:35  Extractor, Drone  
  19  1:50  Drone  
  20  1:58  Drone  
  21  2:06  Queen  
  21  2:07  Queen  
  25  2:08  Overlord x2  
  25  2:24  Drone  
  25  2:25  Drone  
  27  2:58  Spine Crawler  
  22  3:11  Spine Crawler  
  20  3:21  Drone  
  20  3:22  Drone x5  
  20  3:23  Roach Warren  
  25  3:36  Zergling x8  
  28  3:52  Drone x3  
  30  3:56  Lair  
  30  4:01  Extractor  
  29  4:04  Roach  
  30  4:27  Roach x3  
  36  4:34  Overlord  
  37  4:45  Drone  
  33  5:13  Roach  
  33  5:14  Roach x2  
  32  5:22  Spine Crawler  
Show
View Real Time Build Order
Export as new Build Order

Veznan Terran - Winner!

Build Orders:  

Get SALT Encoding   

  12  0:01  SCV  
  13  0:18  SCV  
  13  0:20  Supply Depot  
  14  0:30  SCV  
  15  0:36  Supply Depot  
  15  0:53  SCV  
  16  1:05  SCV  
  16  1:10  Barracks  
  17  1:24  Barracks  
  17  1:30  Refinery, SCV  
  18  1:37  Supply Depot  
  18  1:42  SCV  
  19  1:58  Marine  
  20  2:15  Marine  
  20  2:16  Marine  
  20  2:17  Bunker  
  22  2:33  Marine  
  22  2:34  Marine  
  24  2:51  Marine  
  23  2:52  Marine  
  25  3:09  Marine  
  25  3:10  Marine  
  27  3:17  Bunker  
  27  3:26  Marine  
  28  3:27  Marine  
  27  3:44  Marine  
  27  3:45  Marine  
  28  3:49  Factory  
  28  4:02  Marine  
  28  4:03  Marine  
  28  4:05  Orbital Command  
  29  4:20  Marine  
  29  4:21  Marine  
  29  4:22  Command Center  
  30  4:38  Marine  
  31  4:39  Marine  
  32  4:54  SCV  
  32  4:55  Marine  
  32  4:56  Marine  
  32  4:59  Refinery  
  35  5:06  SCV  
  31  5:18  SCV  
  30  5:30  SCV  
  31  5:42  SCV  
  31  5:43  SCV  
  31  5:45  Factory Reactor  
  31  5:49  Starport  
Tags
 
League
Bronze
Matchup
TvZ
Replay Pack
MrFercho
Spawn Locations
Cross Positions
Add a new tag
Caveats
  • Supply blocks, unpowered buildings, or Contaminate may cause inaccurate times.
  • Supply counts are checked every 10 seconds.